 Dungeon Crawl Stone Soup version 0.18.1-48-g4cf74bf (webtiles) character file.

30 Khael the Charmwright (level 3, 0/27 HPs)
             Began as a Merfolk Skald on July 4, 2016.
             Slain by an adder (1 damage)
             ... on level 2 of the Dungeon.
             The game lasted 00:06:02 (935 turns).

Khael the Charmwright (Merfolk Skald)                Turns: 935, Time: 00:06:02

Health: 0/27       AC:  3    Str: 10 (13) XL:     3   Next: 18%
Magic:  6/6        EV: 11    Int: 10 (11) God:
Gold:   8          SH:  0    Dex: 10 (13) Spells: 1 memorised, 5 levels left

rFire  . . .     SeeInvis .     a - +0 spear
rCold  . . .     Gourm    .     b - +0 leather armour
rNeg   . . .     Faith    .     (no shield)
rPois  .         Spirit   .     (no helmet)
rElec  .         Dismiss  .     (no cloak)
rCorr  .         Reflect  .     (no gloves)
SustAt .         Harm     .     (no boots)
MR     .....                    (no amulet)
Stlth  +.........               (no ring)
                                (no ring)

@: lethally poisoned (0 -> -15), not resistant to hostile enchantments, very
unstealthy
A: change form in water, swift swim
a: no special abilities


You were on level 2 of the Dungeon.
You were not hungry.

You visited 1 branch of the dungeon, and saw 2 of its levels.

You collected 8 gold pieces.

Inventory:

Hand Weapons
 a - a +0 spear (weapon)
Armour
 b - a +0 leather armour (worn)
 i - a +2 helmet
Scrolls
 f - a scroll of identify {unknown}
 j - a scroll of recharging {unknown}
Potions
 e - a potion of degeneration
 h - 2 potions of haste
Books
 c - a book of Battle

   Spells                             Type                      Level
   a - Infusion                       Charms                       1
   b - Shroud of Golubria             Charms/Translocation         2
   c - Song of Slaying                Charms                       2
   d - Spectral Weapon                Hexes/Charms                 3
   e - Regeneration                   Charms/Necromancy            3
Comestibles
 d - a bread ration
 g - a slice of pizza


   Skills:
 + Level 2.2 Fighting
 + Level 3.3 Polearms
 + Level 0.9 Armour
 + Level 1.8 Dodging
 + Level 2.0 Spellcasting
 + Level 4.1 Charms


You had 5 spell levels left.
You knew the following spells:

 Your Spells              Type           Power        Failure   Level  Hunger
a - Infusion              Chrm           #...         10%         1    ##.....


Dungeon Overview and Level Annotations

Branches:
Dungeon (2/15)

Altars:
Cheibriados
Okawaru
Sif Muna
Xom
Yredelemnul


Message History

The adder is moderately wounded.
* * * LOW HITPOINT WARNING * * *
You feel sick. The adder misses you.
You hit the adder.
The adder is almost dead.
* * * LOW HITPOINT WARNING * * *
You feel sick. The adder bites you.
* * * LOW HITPOINT WARNING * * *
You are more poisoned.
The adder poisons you!
It was a potion of degeneration.
There was something very wrong with that liquid.
You feel weakened.
You feel dopey.
You feel clumsy.
* * * LOW HITPOINT WARNING * * *
You feel sick. The adder closely misses you. The adder misses you.
You miss the adder.
The adder is almost dead.
* * * LOW HITPOINT WARNING * * *
You feel sick. The adder bites you.
You die...

##### ⌠#._
.... ##..##
.... ###..###
#_..S..#
###.@### ..
#_...._# #..
###..###
...#_....8#
#.##8..8###
#.........#
#.........#
#.........# .
#.........#...


You could see an adder.

Vanquished Creatures
  A dart slug (D:1)
  2 giant geckos (D:1)
  4 goblins (D:1)
  2 hobgoblins (D:1)
  6 jackals (D:1)
  2 kobolds (D:1)
  A ball python (D:1)
  3 bats (D:1)
  A giant newt (D:1)
  A rat (D:1)
23 creatures vanquished.

Notes
Turn   | Place    | Note
--------------------------------------------------------------
     0 | D:1      | Khael the Merfolk Skald began the quest for the Orb.
     0 | D:1      | Reached XP level 1. HP: 16/16 MP: 3/3
   298 | D:1      | Reached XP level 2. HP: 21/22 MP: 5/5
   427 | D:1      | Reached skill level 4 in Charms
   443 | D:1      | Reached XP level 3. HP: 20/27 MP: 1/6
   656 | D:1      | Found a shimmering altar of Xom.
   898 | D:2      | Found a basalt altar of Yredelemnul.
   906 | D:2      | Found a shimmering altar of Xom.
   907 | D:2      | Found a snail-covered altar of Cheibriados.
   915 | D:2      | Found an iron altar of Okawaru.
   920 | D:2      | Found a deep blue altar of Sif Muna.
   935 | D:2      | HP: 1/27 [poisoned by an adder]
   935 | D:2      | Slain by an adder

Skill      XL: |  1  2 |
---------------+-------+-----
Charms         | 4 |  4.1
Fighting       | |  2.2
Polearms       | |  3.3
Armour         | |  0.9
Dodging        | |  1.8
Spellcasting   | |  2.0

Action                   || total
-------------------------++-------
Melee: Spear             ||    76
 Cast: Infusion          ||     3
  Use: Potion            ||     1
Armor: Leather armour    ||    20
Dodge: Dodged            ||    49
